 Dungeon Crawl Stone Soup version 0.21-a0-513-gdcb3f5e (webtiles) character file.

2298 Alarkh the Reanimator (level 9, 62/62 HPs)
             Began as a Demonspawn Necromancer on Sept 26, 2017.
             Was a Follower of Okawaru.
             Got out of the dungeon alive.
             The game lasted 00:11:58 (8767 turns).

Alarkh the Reanimator (Demonspawn Necromancer)      Turns: 8767, Time: 00:11:58

Health: 62/62      AC:  6    Str:  9    XL:     9   Next: 17%
Magic:  30/30      EV: 12    Int: 19    God:    Okawaru [*.....]
Gold:   324        SH:  0    Dex: 20    Spells: 17/24 levels left

rFire    . . .     SeeInvis .   h - +0 mace (curse)
rCold    . . .     Gourm    .   (no shield)
rNeg     . . .     Faith    .   a - +0 robe
rPois    .         Spirit   .   (helmet restricted)
rElec    .         Reflect  .   k - +0 cloak
rCorr    .         Harm     .   n - +0 pair of gloves
MR       .....     Clarity  +   r - +0 pair of boots
Stlth    ++++......             (no amulet)
HPRegen  0.20/turn              v - ring of magical power
MPRegen  0.22/turn              (no ring)

@: no status effects
A: horns 2, thin skeletal structure 2, agile 1, clarity, nightstalker 1, robust
1, shaggy fur 1, spiny 1
a: Heroism, Renounce Religion


You escaped.
You worshipped Okawaru.
Okawaru was aware of your devotion.
You were not hungry.

You visited 1 branch of the dungeon, and saw 7 of its levels.

You collected 324 gold pieces.

Inventory:

Hand Weapons
 g - a +0 dagger
 h - a cursed +0 mace (weapon)
 o - a +1 hand axe of venom
 p - a +2 hand axe of electrocution
Armour
 a - a +0 robe (worn)
 k - a +0 cloak (worn)
 n - a +0 pair of gloves (worn)
 r - a +0 pair of boots (worn)
Jewellery
 v - a ring of magical power (left hand)
Wands
 d - a wand of random effects (5)
Scrolls
 e - 2 scrolls of identify
 i - 3 scrolls of teleportation
 l - a scroll of amnesia
 w - a scroll of enchant weapon
Potions
 m - a potion of cancellation
 q - a potion of mutation
 t - a potion of might
 u - 3 potions of curing
 x - a potion of ambrosia {unknown}
Books
 b - a book of Necromancy

   Spells                             Type                      Level
   a - Pain                           Necromancy                   1
   b - Animate Skeleton               Necromancy                   1
   c - Vampiric Draining              Necromancy                   3
   d - Regeneration                   Charms/Necromancy            3
   e - Animate Dead                   Necromancy                   4
   f - Control Undead                 Necromancy                   4
Comestibles
 c - 4 bread rations
 f - 5 royal jellies
 j - 3 meat rations
 s - 4 fruits


   Skills:
 - Level 1.7 Dodging
 - Level 1.7 Stealth
 + Level 8.2 Spellcasting
 + Level 10.4 Necromancy


You had 17 spell levels left.
You knew the following spells:

 Your Spells              Type           Power        Failure   Level  Hunger
a - Pain                  Necr           ####         1%          1    None
c - Regeneration          Chrm/Necr      ####......   3%          3    None
e - Vampiric Draining     Necr           #####.....   1%          3    None


Dungeon Overview and Level Annotations

Branches:
Dungeon (7/15)
 Temple: D:4-7

Altars:
Dithmenos
Fedhas
Makhleb
Nemelex Xobeh
Okawaru
Qazlal
Ru
Sif Muna
Trog
Uskayaw
Xom
Zin
The Shining One

Annotations:
D:7 aspa's ghost, novice OpWz


Innate Abilities, Weirdness & Mutations

You have a pair of horns on your head.
You have a moderately thin skeletal structure. (Dex +4, Stealth+)
You are slightly more attuned to the shadows.
You are partially covered in sharp spines.
You are agile. (Dex +2)
You possess an exceptional clarity of mind.
You are robust. (+10% HP)
You are covered in fur. (AC +1)


Message History

There is a stone staircase leading up here.
You climb upwards.
There is a stone staircase leading down here.
Things that are here:
a ring mail; a wand of scattershot (5) HP restored.
There is an escape hatch in the floor here.
Items here: )))) [ a short sword; a leather armour; a mace; a dagger; a hand axe You see here a trident.
There is a stone staircase leading up here.
You climb upwards.
There is a stone staircase leading down here.
There is a stone staircase leading up here.
You climb upwards.
There is a stone staircase leading down here.
You see here a club.
There is a staircase leading out of the dungeon here.
Are you sure you want to leave the Dungeon?
This will make you lose the game!
You have escaped!

#########.≈≈...#.##...#.#
#.≈≈≈...≈.#...##.#
##≈≈≈....≈≈....##.#
#≈≈...≈≈≈≈≈≈.≈.##.#
##...≈≈≈≈≈≈≈..###.#
###.≈≈≈≈≈≈≈≈≈.###.#
#)#..≈≈≈.≈≈≈..##..#
#.#...≈..≈≈≈≈.#...#
#..≈≈≈..@..≈≈.#..##
###.≈≈≈...≈.≈≈#### ##
#.≈≈≈≈≈≈≈≈..# .#
##..≈≈≈≈≈≈≈.## .#
#.....≈≈≈≈..## .###
##.#.≈≈≈≈≈..≈## ...#
#.##.≈≈≈≈≈....# ...#
##...≈......#.# ...#
##...≈..#...#..#


There were no monsters in sight!

Vanquished Creatures
  An orc warrior (D:7)
  A sky beast (D:7)
  An ice beast (D:7)
  A black bear (D:6)
  2 phantoms
  A centaur (D:5)
  4 bullfrogs
  2 scorpions
  3 howler monkeys
  2 crimson imps
  A bullfrog zombie (D:5)
  A jelly (D:7)
  4 hounds
  6 orc wizards
  A centaur skeleton (D:5)
  An orc priest (D:5)
  A centaur zombie (D:5)
  A bullfrog skeleton (D:7)
  Ijyb (D:3)
  Terence (D:3)
  9 worker ants
  Natasha (thrice) (D:3)
  An iguana (D:6)
  12 gnolls
  4 adders
  2 shadow imps
  2 oozes
  An adder zombie (D:6)
  An adder skeleton (D:5)
  4 worms
  5 dart slugs
  A leopard gecko (D:4)
  26 orcs
  2 giant cockroaches
  12 goblins
  6 hobgoblins
  7 jackals
  3 quokkas
  3 ball pythons
  10 bats
  3 frilled lizards
  5 kobolds
  7 rats
165 creatures vanquished.

Notes
Turn   | Place    | Note
-------+----------+-------------------------------------------
     0 | D:1      | Alarkh the Demonspawn Necromancer began the quest for the Orb.
     0 | D:1      | Reached XP level 1. HP: 13/13 MP: 3/3
   191 | D:1      | Gained mutation: You have a pair of small horns on your head. [demonic ancestry]
   191 | D:1      | Reached XP level 2. HP: 17/19 MP: 0/5
   869 | D:1      | Reached skill level 5 in Necromancy
   869 | D:1      | Reached XP level 3. HP: 24/24 MP: 5/7
  1719 | D:2      | Gained mutation: You have a pair of horns on your head. [demonic ancestry]
  1719 | D:2      | Reached XP level 4. HP: 20/30 MP: 0/8
  2573 | D:3      | Noticed Natasha
  3079 | D:3      | Noticed Terence
  3086 | D:3      | Killed Terence
  3086 | D:3      | Gained mutation: You have a somewhat thin skeletal structure. (Dex +2, Stealth) [demonic ancestry]
  3086 | D:3      | Reached XP level 5. HP: 7/35 MP: 2/10
  3379 | D:4      | Reached skill level 6 in Necromancy
  3477 | D:4      | Learned a level 3 spell: Vampiric Draining
  3481 | D:4      | Learned a level 3 spell: Regeneration
  3549 | D:4      | Noticed a phantom
  4061 | D:4      | Killed a phantom
  4061 | D:4      | Reached XP level 6. HP: 24/41 MP: 12/12
  4520 | D:4      | Reached skill level 7 in Necromancy
  4663 | D:3      | Noticed Ijyb
  4674 | D:3      | Killed Ijyb
  4818 | D:3      | Reached skill level 5 in Spellcasting
  4818 | D:3      | HP: 2/41 [adder (4)]
  4820 | D:3      | Gained mutation: You are robust. (+10% HP) [potion of mutation]
  4820 | D:3      | Gained mutation: You possess an exceptional clarity of mind. [potion of mutation]
  4820 | D:3      | Gained mutation: You are agile. (Dex +2) [potion of mutation]
  4820 | D:3      | Gained mutation: You are covered in fur. (AC +1) [potion of mutation]
  4847 | D:3      | Gained mutation: You are partially covered in sharp spines. [demonic ancestry]
  4847 | D:3      | Reached XP level 7. HP: 17/50 MP: 1/14
  5201 | D:3      | Killed Natasha
  5208 | D:3      | Noticed Natasha
  5211 | D:3      | Killed Natasha
  5477 | D:3      | Noticed Natasha
  5486 | D:3      | Killed Natasha
  5666 | D:5      | Entered Level 5 of the Dungeon
  5954 | D:5      | Reached skill level 8 in Necromancy
  6029 | D:5      | Found a hide-covered altar of Uskayaw.
  6029 | D:5      | Noticed a hand axe
  6030 | D:5      | Noticed a dagger
  6406 | D:5      | Found a shadowy altar of Dithmenos.
  6406 | D:5      | Found a burning altar of Makhleb.
  6413 | D:5      | Gained mutation: You are slightly more attuned to the shadows. [demonic ancestry]
  6413 | D:5      | Reached XP level 8. HP: 51/57 MP: 17/17
  6499 | D:5      | Found a deep blue altar of Sif Muna.
  6499 | D:5      | Found a blossoming altar of Fedhas.
  6725 | D:5      | Found an iron altar of Okawaru.
  6735 | D:5      | Became a worshipper of Warmaster Okawaru
  6878 | D:5      | Found a blossoming altar of Fedhas.
  7053 | D:5      | Found a glowing silver altar of Zin.
  7057 | D:5      | Found a stormy altar of Qazlal.
  7059 | D:5      | Found a faded altar of an unknown god.
  7060 | D:5      | Found a faded altar of an unknown god.
  7064 | D:5      | Found a shimmering altar of Xom.
  7177 | D:6      | Found a sacrificial altar of Ru.
  7188 | D:6      | Found a bloodstained altar of Trog.
  7190 | D:6      | Found a sparkling altar of Nemelex Xobeh.
  7206 | D:6      | Reached skill level 9 in Necromancy
  8115 | D:7      | Reached * piety under Okawaru
  8172 | D:7      | Noticed aspa's ghost (novice OpWz)
  8258 | D:7      | Reached skill level 10 in Necromancy
  8267 | D:7      | Found a glowing golden altar of the Shining One.
  8277 | D:7      | Gained mutation: You have a moderately thin skeletal structure. (Dex +4, Stealth+) [demonic ancestry]
  8277 | D:7      | Reached XP level 9. HP: 55/62 MP: 20/20
  8594 | D:7      | Upgraded the game from 0.21-a0-286-g6fcecc0 to 0.21-a0-513-gdcb3f5e
  8767 | D:$      | Got out of the dungeon alive.

Vault maps used:
D:1:      dpeg_arrival_subterranean_lakeside_camping
D:2:      corexii_hall_statues_i
D:3:      uniq_ijyb, uniq_natasha, uniq_terence
D:4:      first_bread
D:5:      kennysheep_okawaru_gauntlet, grunt_temple_overflow_cloverleaf,
          dancing_weapons_uskayaw, chequers_temple_overflow_minitemple,
          basic_altar
D:6:      grunt_temple_overflow_open
D:7:      overflow_temple_1_default, minmay_temple_entry_hall

Skill      XL: |  1  2  3  4  5  6  7  8  9 |
---------------+----------------------------+-----
Necromancy     | 5 6 7 8 10 | 10.4
Spellcasting   | 3 4 5 6 7 8 |  8.2
Dodging        | |  1.7
Stealth        | |  1.7

Action                   |  1- 3 |  4- 6 |  7- 9 || total
-------------------------+-------+-------+-------++-------
Melee: Unarmed           |    10 |       |       ||    10
       Headbutt          |     3 |     6 |    26 ||    35
       Mace              |     2 |    41 |   141 ||   184
 Cast: Pain              |    70 |   131 |    82 ||   283
       Vampiric Draining |       |     2 |    13 ||    15
       Regeneration      |       |     1 |     1 ||     2
Evoke: Wand              |       |     7 |     5 ||    12
  Use: Scroll            |       |     4 |     5 ||     9
       Potion            |       |     7 |     1 ||     8
 Stab: Paralysed         |       |     5 |       ||     5
       Sleeping          |       |       |     8 ||     8
       Distracted        |       |       |     1 ||     1
  Eat: Chunk             |     3 |     9 |    13 ||    25
Armor: Robe              |    10 |    17 |    43 ||    70
Dodge: Dodged            |    13 |    53 |   117 ||   183

Table legend:
 A = Spawn XP
 B = Non-spawn XP
 C = Spawn XP percentage of total XP
 D = Spawn monster count
 E = Non-spawn monster count
 F = Spawn count percentage of total count
 G = Total turns spent on level
                    A         B        C        D         E        F      G
               +---------+---------+-------+---------+---------+-------+---------
         Total |       0 |    3284 |   0.0 |       0 |     165 |   0.0 |  8767
               +---------+---------+-------+---------+---------+-------+---------
           D:1 |       0 |      66 |   0.0 |       0 |      31 |   0.0 |  1318
           D:2 |       0 |      73 |   0.0 |       0 |      22 |   0.0 |  1399
           D:3 |       0 |     363 |   0.0 |       0 |      25 |   0.0 |  1545
           D:4 |       0 |     406 |   0.0 |       0 |      24 |   0.0 |  1503
           D:5 |       0 |     871 |   0.0 |       0 |      22 |   0.0 |  1515
           D:6 |       0 |     667 |   0.0 |       0 |      26 |   0.0 |   987
           D:7 |       0 |     838 |   0.0 |       0 |      15 |   0.0 |   500
               +---------+---------+-------+---------+---------+-------+---------
